 Dungeon Crawl Stone Soup version 0.31-a0-232-gb1c03b2570 (webtiles) character file.

Game seed: 3409701652801408638

124 qw the Shooter (level 4, -2/36 HPs)
             Began as a Minotaur Hexslinger on July 7, 2023.
             Killed from afar by an orc wizard (7 damage)
             ... with a magic dart
             ... on level 3 of the Dungeon.
             The game lasted 00:00:41 (1242 turns).

qw the Shooter (Minotaur Hexslinger)                Turns: 1242, Time: 00:00:42

Health: -2/36      AC:  5    Str: 12    XL:     4   Next: 81%
Magic:  0/4        EV: 11    Int: 10    God:
Gold:   76         SH:  0    Dex: 15    Spells: 4/5 levels left

rFire   . . .        e - +1 sling (heavy)
rCold   . . .        (no shield)
rNeg    . . .        f - +0 ring mail
rPois   .            (helmet restricted)
rElec   .            (no cloak)
rCorr   .            (no gloves)
SInv    .            (no boots)
Will    .....        g - amulet of guardian spirit
Stlth   +            (no ring)
HPRegen 0.26/turn    (no ring)
MPRegen 0.09/turn

%: guardian spirit
@: no status effects
A: horns 2, retaliatory headbutt
a: no special abilities


You were on level 3 of the Dungeon.
You visited 1 branch of the dungeon, and saw 3 of its levels.

You collected 76 gold pieces.


Innate Abilities, Weirdness & Mutations

You have a pair of horns on your head.
You reflexively headbutt those who attack you in melee.


   Skills:
 + Level 2.0 Fighting
 - Level 5.2 Ranged Weapons
 - Level 1.0 Armour
 - Level 2.1 Dodging
 - Level 1.0 Spellcasting
 - Level 2.0 Hexes


You had 4 spell levels left.
You knew the following spells:

 Your Spells              Type           Power      Damage    Failure   Level
a - Slow                  Hex            16%        N/A       34%         1

Your spell library contained the following spells:

 Spells                   Type           Power      Damage    Failure   Level
 Inner Flame              Hex/Fire       2%         N/A       83%         3
 Portal Projectile        Hex/Tloc       4%         N/A       83%         3
 Cause Fear               Hex            2%         N/A       98%         4

Inventory:

Hand Weapons
 e - a +1 heavy sling (weapon)
Armour
 f - a +0 ring mail (worn)
Jewellery
 g - an amulet of guardian spirit (around neck)
Potions
 b - a potion of cancellation {unknown}
 c - a potion of ambrosia {unknown}
 h - a potion of haste

Dungeon Overview and Level Annotations

Branches:
Dungeon (3/15)

Altars:
Xom


Message History

You shoot a sling bullet. Something hits you but does no damage.
You shoot a sling bullet. Something hits you. x2
You shoot a sling bullet. Something hits you.
Something hits you but does no damage.
You shoot a sling bullet. Something hits you. x2
You shoot a sling bullet. Something hits you but does no damage.
You hear some strange, mumbled words.
You are confused.
You shoot a sling bullet. Something hits you. x2
You shoot a sling bullet. Something hits you.
You shoot a sling bullet.
You hear some strange, mumbled words.
You are more confused.
Something hits you.
You shoot a sling bullet. Something hits you. x2
You shoot a sling bullet.
Something hits you but does no damage. x2
You shoot a sling bullet. Something hits you.
You hear some strange, mumbled words.
A puff of flame appears from out of thin air!
The puff of flame hits you!
You shoot a sling bullet.
You feel less confused. Something hits you. x2
You shoot a sling bullet. Something hits you but does no damage.
Something hits you.
You shoot a sling bullet. Something hits you.
You hear some strange, mumbled words.
A magic dart appears from out of thin air!
The magic dart hits you!
You die...

##### # #
..... #. .
##### #.#
#. ..###.
#####
#).<#######
.....
#{....>..#
##### #.@#
##..#
#####...#
#.......#
#.###..## #
#.# #..# #
#.# #..# #
#.#
#..###### #
#.#
#....(..#


There were no monsters in sight!

Vanquished Creatures
  Jessica (D:2)
  An orc wizard (D:3)
  2 adders
  A worm (D:2)
  A dart slug (D:2)
  An orc (D:3)
  2 ball pythons
  7 endoplasms
  2 giant cockroaches (D:1)
  5 goblins
  6 hobgoblins
  7 kobolds
  2 quokkas (D:1)
  3 bats
  2 frilled lizards (D:2)
  6 rats
49 creatures vanquished.

Notes
Turn   | Place    | Note
-------+----------+-------------------------------------------
     0 | D:1      | qw the Minotaur Hexslinger began the quest for the Orb.
     0 | D:1      | Reached XP level 1. HP: 16/16 MP: 1/1
     0 | D:1      | 0 ||| qw: Version: 0.3-a-46-gb1f654a
     0 | D:1      | 0 ||| qw: Game counter: 2979
     0 | D:1      | 0 ||| qw: Melee chars always use a shield: true
     0 | D:1      | 0 ||| qw: God list: Okawaru
     0 | D:1      | 0 ||| qw: Allow faded altars: false
     0 | D:1      | 0 ||| qw: Do Orc after clearing Dungeon:15 true
     0 | D:1      | 0 ||| qw: Do second Lair branch before Depths: true
     0 | D:1      | 0 ||| qw: Lair rune preference: random
     0 | D:1      | 0 ||| qw: Goals: Normal
     0 | D:1      | 0 ||| PLANNING D:1-11
   146 | D:1      | Reached skill level 3 in Ranged Weapons
   165 | D:1      | Reached XP level 2. HP: 23/23 MP: 2/2
   361 | D:1      | Found a faded altar of an unknown god.
   502 | D:1      | 502 ||| UPGRADING to +0 leather armour.
   512 | D:1      | 512 ||| DROPPING +0 robe.
   513 | D:1      | 513 ||| UPGRADING to +0 ring mail.
   523 | D:1      | 523 ||| DROPPING +0 leather armour.
   524 | D:1      | 524 ||| READING scroll labelled ABBIUM DOCHADGH.
   525 | D:1      | 525 ||| DROPPING scroll of poison.
   531 | D:2      | Reached XP level 3. HP: 29/29 MP: 3/3
   624 | D:2      | Reached skill level 4 in Ranged Weapons
   811 | D:2      | Reached skill level 1 in Armour
   812 | D:2      | 812 ||| FLEEEEING.
   847 | D:2      | Noticed Jessica
   860 | D:2      | Killed Jessica
   861 | D:2      | Reached XP level 4. HP: 36/36 MP: 4/4
  1080 | D:2      | 1080 ||| UPGRADING to amulet of guardian spirit.
  1085 | D:2      | 1085 ||| READING scroll labelled ZOURAR EZ JEWK.
  1086 | D:2      | 1086 ||| READING scroll labelled KIWKIQ MUFUHUR.
  1087 | D:2      | 1087 ||| READING scroll labelled NETROO ZUFE.
  1088 | D:2      | 1088 ||| READING scroll labelled XATTYS USKOSS.
  1089 | D:2      | 1089 ||| DRINKING 2 bubbling coppery potions.
  1138 | D:3      | Found a shimmering altar of Xom.
  1228 | D:3      | Reached skill level 5 in Ranged Weapons
  1240 | D:3      | HP: 8/36 [something (3)]
  1242 | D:3      | Killed from afar by an orc wizard

Levels and vault maps discovered:
D:1:      dpeg_arrival_lava_temple_mockup, layout_rooms,
          ebering_ecumenical_altar_mist
D:2:      layout_rooms, dreamdust_wishing_well, uniq_jessica
D:3:      layout_loops_ring, mainiacjoe_overflow_six_doors_small, minivault_11

Skill      XL: |  1  2  3  4 |
---------------+-------------+-----
Ranged Weapons | 3 4 5 |  5.2
Fighting       | 2 |  2.0
Armour         | 1 |  1.0
Dodging        | |  2.1
Spellcasting   | |  1.0
Hexes          | |  2.0

Action                     |  1- 3 |  4- 6 || total
---------------------------+-------+-------++-------
   Fire: Sling             |   127 |    36 ||   163
    Use: Scroll            |     1 |     4 ||     5
         Potion            |       |     1 ||     1
 Armour: Robe              |     9 |       ||     9
         Ring mail         |     2 |    11 ||    13
  Dodge: Dodged            |    37 |     5 ||    42

Table legend:
 A = Non-vault XP
 B = Vault XP
 C = Vault XP percentage of total XP
 D = Non-vault monster count
 E = Vault monster count
 F = Vault count percentage of total count
                 A         B        C        D         E       F
            +---------+---------+-------+---------+---------+-------
      Total |     141 |      37 |  20.8 |      48 |       1 |   2.0
            +---------+---------+-------+---------+---------+-------
        D:1 |      40 |       0 |   0.0 |      23 |       0 |   0.0
        D:2 |      48 |      37 |  43.5 |      20 |       1 |   4.8
        D:3 |      53 |       0 |   0.0 |       5 |       0 |   0.0
            +---------+---------+-------+---------+---------+-------
